 Dungeon Crawl Stone Soup version 0.25-a0-577-ga4619f409e (webtiles) character file.

Game seed: 7987905613550719874, levelgen mode: deterministic

3714 Flugslaktarn the Cleaver (level 9, -6/82 HPs)
             Began as a Deep Dwarf Fighter on Mar 2, 2020.
             Was a Follower of Makhleb.
             Mangled by a death yak (21 damage)
             ... on level 9 of the Dungeon.
             The game lasted 00:03:09 (4387 turns).

Flugslaktarn the Cleaver (Deep Dwarf Fighter)       Turns: 4387, Time: 00:03:09

Health: -6/82      AC: 15    Str: 23    XL:     9   Next: 91%
Magic:  10/10      EV:  5    Int:  9    God:    Makhleb [*.....]
Gold:   257        SH: 11    Dex: 12    Spells: 8/8 levels left

rFire    . . .     SeeInvis .   a - +0 war axe
rCold    . . .     Gourm    .   c - +0 kite shield
rNeg     . . .     Faith    .   i - +0 plate armour
rPois    .         Spirit   .   s - +1 helmet
rElec    .         Reflect  .   (no cloak)
rCorr    .         Harm     .   (no gloves)
MR       +....                  (no boots)
Stlth    ..........             (no amulet)
HPRegen  0.00/turn              (no ring)
MPRegen  0.12/turn              (no ring)

@: mighty, non-regenerating
A: damage resistance, heal wounds, sense surroundings 2, no regeneration
a: Heal Wounds, Renounce Religion


You were on level 9 of the Dungeon.
You worshipped Makhleb.
Makhleb was aware of your devotion.
You were hungry.

You visited 2 branches of the dungeon, and saw 10 of its levels.

You collected 257 gold pieces.

Inventory:

Hand Weapons
 a - a +0 war axe (weapon)
Missiles
 y - 3 throwing nets (quivered)
Armour
 b - a +0 scale mail
 c - a +0 kite shield (worn)
 i - a +0 plate armour (worn)
   (You took it off an orc warrior on level 6 of the Dungeon)
 s - a +1 helmet (worn)
   (You found it on level 5 of the Dungeon)
Jewellery
 u - an uncursed ring of wizardry {unknown}
   (You found it on level 7 of the Dungeon)
Wands
 l - a wand of paralysis (31)
   (You found it on level 3 of the Dungeon)
 m - a wand of acid (1)
   (You took it off Ijyb on level 4 of the Dungeon)
Scrolls
 g - 2 scrolls of fog
 n - a scroll of fear
 p - a scroll of enchant armour
 r - 9 scrolls of identify
 t - 4 scrolls of teleportation
 v - a scroll of enchant weapon {unknown}
 z - a scroll of magic mapping {unknown}
Potions
 f - 2 potions of invisibility {unknown}
 h - a potion of haste
 j - a potion of stabbing {unknown}
 k - a potion of cancellation
 q - 3 potions of curing
 w - a potion of heal wounds
 x - a potion of resistance {unknown}
 A - a potion of mutation {unknown}
Comestibles
 e - 7 rations
 o - 3 chunks of flesh


   Skills:
 + Level 6.1 Fighting
 * Level 9.7 Axes
 + Level 7.2 Armour
 + Level 7.3 Shields
 + Level 6.2 Invocations


You had 8 spell levels left.
You didn't know any spells.
Your spell library was empty.

Dungeon Overview and Level Annotations

Branches:
Dungeon (9/15)             Temple (1/1) D:4
   Lair: D:8-11         Orc: D:9-12

Altars:
Ashenzari
Dithmenos
Elyvilon
Fedhas
Gozag
Hepliaklqana
Kikubaaqudgha
Makhleb
Nemelex Xobeh
Okawaru
Qazlal
Trog
Uskayaw
Vehumet
Xom
Yredelemnul
Zin
The Shining One

Shops:
D:7 %

Annotations:
D:8 1 exclusion, Blork the orc


Innate Abilities, Weirdness & Mutations

You are resistant to damage.
You can heal yourself by infusing magical energy.
You passively map the area around you.
You do not regenerate.


Message History

The death yak is severely wounded.
The death yak gores you!!
* * * LOW HITPOINT WARNING * * *
You are too injured to fight recklessly!
You are too injured to fight recklessly!
Evoke which item? (* to show all) (? for menu, Esc to quit)
Aiming: Corrosive Bolt
Press: ? - help, Shift-Dir - straight line, f - death yak
Aim: a death yak (severely wounded)
The bolt of acid hits the death yak!
The death yak is splashed with acid.
The death yak is almost dead.
The bolt of acid hits the death yak!
The death yak is splashed with acid!
The acid corrodes the death yak!
The death yak is severely wounded.
The bolt of acid hits the centaur!
The centaur is splashed with acid.
The acid corrodes the centaur!
You kill the centaur!
Makhleb accepts your kill. The death yak gores you!!
You die...

.##...........# ##* ,, *
,, ....########### .# * **
....# #......####.#,,
....# #.#.........##.###
##..# ##.#.##........... ,
.รท..###................ .
, *
.#............#.###..#...
.######.......#.###5.....
,
.........#.#....@YY)r....,
########.#.##.#)##rr...#.
, # #.#....#)# .r.#... * *
# #.######.# ..... .,, ,*
# * *.., ..# ......., , ,
* # , ### ....##. , * , ,,
..... , , *,, ,,* *, *
...... , * , *, ,,,


You could see 2 death yaks, 2 porcupines, a shadow imp and 2 quokkas.

Vanquished Creatures
  Harold (D:8)
  A death yak (D:9)
  A hornet (D:9)
  Grinder (D:5)
  A hippogriff (D:8)
  Menkaure (D:4)
  A water moccasin (D:9)
  An orc warrior (D:6)
  An ice beast (D:8)
  2 phantoms
  3 ogres
  3 centaurs
  A bullfrog (D:9)
  A scorpion (D:4)
  A howler monkey (D:8)
  3 crimson imps
  An orc priest (D:6)
  2 hounds
  2 orc wizards
  A bullfrog skeleton (D:4)
  A centaur skeleton (D:8)
  Ijyb (D:4)
  2 worker ants
  2 hound skeletons
  A worker ant zombie (D:3)
  7 gnolls
  5 adders
  An ooze (D:4)
  An adder skeleton (D:4)
  2 worms
  5 leopard geckos
  15 orcs
  A ball python (D:4)
  2 bats (D:3)
  5 giant cockroaches
  4 jackals
  3 kobolds
  3 quokkas
  A ball python skeleton (D:4)
  3 frilled lizards
  A giant cockroach zombie (D:6)
  A leopard gecko skeleton (D:4)
  A quokka skeleton (D:4)
  2 rats
99 creatures vanquished.

Vanquished Creatures (others)
  A jelly (D:8)
1 creature vanquished.

Grand Total: 100 creatures vanquished

Notes
Turn   | Place    | Note
-------+----------+-------------------------------------------
     0 | D:1      | Flugslaktarn the Deep Dwarf Fighter began the quest for the
                  | Orb.
     0 | D:1      | Reached XP level 1. HP: 20/20 MP: 1/1
   144 | D:3      | Reached XP level 2. HP: 25/27 MP: 2/2
   173 | D:3      | Reached skill level 3 in Axes
   194 | D:3      | Reached XP level 3. HP: 32/34 MP: 3/3
   373 | D:4      | Noticed Menkaure
   383 | D:4      | Killed Menkaure
   383 | D:4      | Reached skill level 4 in Axes
   383 | D:4      | Reached XP level 4. HP: 26/42 MP: 4/4
   383 | D:4      | Reached XP level 5. HP: 30/49 MP: 5/5
   428 | D:4      | Noticed a phantom
   461 | D:4      | Reached XP level 6. HP: 41/56 MP: 6/6
   464 | D:4      | Reached skill level 5 in Axes
   479 | D:4      | Noticed Ijyb
   488 | D:4      | Killed Ijyb
   570 | D:4      | Found a staircase to the Ecumenical Temple.
   601 | Temple   | Entered the Ecumenical Temple
   670 | Temple   | Became a worshipper of Makhleb the Destroyer
  1003 | D:5      | Entered Level 5 of the Dungeon
  1020 | D:5      | Reached XP level 7. HP: 54/64 MP: 5/5
  1051 | D:5      | Reached skill level 5 in Armour
  1088 | D:5      | Reached skill level 1 in Invocations
  1112 | D:5      | Found a bloodstained altar of Trog.
  1160 | D:5      | Reached skill level 5 in Shields
  1210 | D:5      | Noticed Grinder
  1223 | D:5      | Paralysed by Grinder for 7 turns
  1237 | D:5      | Killed Grinder
  1237 | D:5      | Reached skill level 6 in Axes
  1445 | D:5      | Found a shattered altar of Ashenzari.
  1625 | D:6      | Reached XP level 8. HP: 28/73 MP: 7/7
  1631 | D:6      | Found a sparkling altar of Nemelex Xobeh.
  1788 | D:6      | Reached * piety under Makhleb
  1969 | D:6      | Reached skill level 7 in Axes
  2950 | D:7      | Found Fiyttoba's Food Emporium.
  3019 | D:7      | Found a glowing golden altar of the Shining One.
  3193 | D:8      | Found a stormy altar of Qazlal.
  3443 | D:8      | Noticed Harold
  3444 | D:8      | Paralysed by Harold for 2 turns
  3454 | D:8      | Paralysed by Harold for 7 turns
  3465 | D:8      | Killed Harold
  3465 | D:8      | Reached skill level 5 in Fighting
  3465 | D:8      | Reached skill level 8 in Axes
  3465 | D:8      | Gained mutation: You passively map the area around you.
                  | [Deep Dwarf growth]
  3465 | D:8      | Reached XP level 9. HP: 47/81 MP: 8/10
  3537 | D:8      | Noticed Blork the orc
  3840 | D:8      | Reached skill level 5 in Invocations
  3908 | D:8      | Found an opulent altar of Gozag.
  4260 | D:9      | Paralysed by a hornet for 2 turns
  4266 | D:9      | Reached skill level 9 in Axes
  4357 | D:9      | Noticed a death yak
  4358 | D:9      | Noticed a death yak
  4359 | D:9      | Noticed a death yak
  4379 | D:9      | Killed a death yak
  4387 | D:9      | Mangled by a death yak

Levels and vault maps discovered:
D:1:      heliophobic_arrival_enchanted_forest, layout_rooms
D:2:      layout_basic, cheibriados_altar_1, kennysheep_generic_room_9
D:3:      layout_rooms, nicolae_overflow_crystal_walls
D:4:      layout_loops_ring, temple_pool_b, first_ration,
          minmay_fractal_squares_5, uniq_menkaure, uniq_ijyb
D:5:      layout_cave_pools, lemuel_crystal_altar,
          ashenzari_conservatory_becter, hangedman_decor_riveting, uniq_grinder
D:6:      layout_layer_cave, kennysheep_little_box
D:7:      layout_rooms, lemuel_doored_altar, serial_shops,
          nicolae_shop_window_shopping
D:8:      layout_loops_corners, grunt_qazlal_clouds, tgw_sif,
          lemuel_crystal_altar, uniq_harold
D:9:      layout_basic, nicolae_ru_the_path_less_chosen, dpeg_lair_monsters,
          serial_shops, shop
Temple:   nicolae_temple_x_marks_the_god

Skill      XL: |  1  2  3  4  5  6  7  8  9 |
---------------+----------------------------+-----
Axes           | 3 4 5 6 8 9 |  9.7
Fighting       | 3 4 5 6 |  6.1
Armour         | 4 5 6 7 |  7.2
Shields        | 4 5 6 7 |  7.3
Invocations    | 2 4 6 |  6.2

Action                   |  1- 3 |  4- 6 |  7- 9 || total
-------------------------+-------+-------+-------++-------
Melee: War axe           |    73 |    77 |   286 ||   436
 Abil: Heal Wounds       |     3 |     6 |    17 ||    26
Evoke: Wand              |       |       |     3 ||     3
  Use: Scroll            |       |       |    11 ||    11
       Potion            |       |       |     1 ||     1
  Eat: Chunk             |       |       |     8 ||     8
       Ration            |       |       |     1 ||     1
Armor: Scale mail        |    47 |    38 |    64 ||   149
       Plate armour      |       |       |    90 ||    90
Dodge: Dodged            |    20 |    29 |    63 ||   112
Block: Kite shield       |    38 |    41 |   144 ||   223

Table legend:
 A = Non-vault XP
 B = Vault XP
 C = Vault XP percentage of total XP
 D = Non-vault monster count
 E = Vault monster count
 F = Vault count percentage of total count
                 A         B        C        D         E       F
            +---------+---------+-------+---------+---------+-------
      Total |    2772 |    2534 |  47.8 |      86 |      13 |  13.1
            +---------+---------+-------+---------+---------+-------
        D:1 |       4 |       0 |   0.0 |       3 |       0 |   0.0
        D:2 |       2 |       0 |   0.0 |       2 |       0 |   0.0
        D:3 |      53 |       0 |   0.0 |       8 |       0 |   0.0
        D:4 |     275 |     387 |  58.5 |      13 |       9 |  40.9
        D:5 |     320 |     267 |  45.5 |      20 |       1 |   4.8
        D:6 |     488 |       0 |   0.0 |      13 |       0 |   0.0
        D:7 |     158 |       0 |   0.0 |       3 |       0 |   0.0
        D:8 |     684 |    1002 |  59.4 |      11 |       1 |   8.3
        D:9 |     788 |     878 |  52.7 |      13 |       2 |  13.3
            +---------+---------+-------+---------+---------+-------
